 Dungeon Crawl Stone Soup version 0.27.0-1-g7a089689b8 (webtiles) character file.

Game seed: 10787970670589859295

116 wakim the Insei (level 5, -4/33 HPs)
             Began as an Octopode Transmuter on Aug 11, 2021.
             Slain by a gnoll (11 damage)
             ... on level 3 of the Dungeon.
             The game lasted 00:07:31 (4163 turns).

wakim the Insei (Octopode Transmuter)               Turns: 4163, Time: 00:07:31

Health: -4/33      AC:  1    Str: 10    XL:     5   Next: 0%
Magic:  8/8        EV: 13    Int: 16    God:
Gold:   94         SH:  0    Dex: 12    Spells: 4/8 levels left

rFire    . . .     SeeInvis .     - Unarmed
rCold    . . .     Faith    .   (no shield)
rNeg     . . .     Spirit   .   (helmet restricted)
rPois    .         Reflect  .   (no amulet)
rElec    .         Harm     .   (no ring)
rCorr    .         Rampage  .   (no ring)
Will     .....                  (no ring)
Stlth    +++.......             (no ring)
HPRegen  0.11/turn              (no ring)
MPRegen  0.11/turn              (no ring)
                                (no ring)
                                (no ring)

@: no status effects
A: almost no armour, amphibious, 8 rings, camouflage 1, gelatinous body 1,
(nimble swimmer 1), tentacles
a: no special abilities


You were on level 3 of the Dungeon.
You visited 1 branch of the dungeon, and saw 3 of its levels.

You collected 94 gold pieces.

Inventory:

Jewellery
 b - an amulet of faith
Wands
 t - a wand of digging (4)
Scrolls
 d - 3 scrolls of teleportation {unknown}
 e - 2 scrolls of enchant weapon {unknown}
 f - a scroll of silence {unknown}
 g - a scroll of magic mapping {unknown}
 h - a scroll of identify {unknown}
 j - a scroll of holy word {unknown}
Potions
 a - a potion of heal wounds {unknown}
 c - 2 potions of berserk rage {unknown}
 i - 2 potions of mutation {unknown}
 k - 2 potions of lignification {unknown}


   Skills:
 - Level 1.0 Fighting
 + Level 2.7 Dodging
 + Level 2.4 Stealth
 + Level 3.4 Unarmed Combat
 - Level 2.0 Spellcasting
 * Level 3.2 Transmutations
 * Level 1.9 Poison Magic


You had 4 spell levels left.
You knew the following spells:

 Your Spells              Type           Power      Damage    Failure   Level
a - Beastly Appendage     Tmut           22%        N/A       5%          1
x - Spider Form           Tmut/Pois      4%         N/A       22%         3

Your spell library contained the following spells:

 Spells                   Type           Power      Damage    Failure   Level
 Wereblood                Tmut           11%        N/A       9%          2
 Summon Guardian Golem    Hex/Summ       1%         N/A       52%         3
 Ice Form                 Ice/Tmut       6%         N/A       71%         4
 Orb of Destruction       Conj           0%         N/A       100%        7
 Spellforged Servitor     Conj/Summ      0%         N/A       100%        7


Dungeon Overview and Level Annotations

Branches:
Dungeon (3/15)

Altars:

Annotations:
D:3 1 runed translucent door, Crazy Yiuf


Innate Abilities, Weirdness & Mutations

You cannot wear most types of armour.
You are amphibious.
You can wear up to eight rings at the same time.
Your skin changes colour to match your surroundings (Stealth+).
Your rubbery body absorbs attacks. (AC +1, EV +1)
((You are camouflaged near water. (Stealth+)))
You have tentacles for arms and can constrict up to eight enemies at once.


Message History

You turn into a venomous arachnid creature.
The hobgoblin shouts!
You hit the hobgoblin.
The hobgoblin is lightly wounded.
The hobgoblin misses you.
You barely miss the hobgoblin.
The hobgoblin is lightly wounded.
The hobgoblin misses you.
You hit the hobgoblin.
The hobgoblin is almost dead.
The hobgoblin misses you.
You barely miss the hobgoblin.
The hobgoblin is almost dead.
The hobgoblin closely misses you.
You hit the hobgoblin.
You kill the hobgoblin!
Your transformation is almost over.
You have reached level 5!
You feel stronger.
Your magical contamination has completely faded away.
Your transformation has ended.
You see here 19 stones.
You now have 94 gold pieces (gained 16).
A gnoll is nearby!
Press: ? - help, v - describe, . - travel
Here: a gnoll, wielding a +2 halberd of protection and quivering a throwing net (wandering, hasn't noticed you)
The floor.
The gnoll shouts!
You hear a shout!
The gnoll throws a throwing net.
The throwing net closely misses you.
You see here a throwing net {=f!f}.
The gnoll closely misses you.
The gnoll hits you from afar with a +0 spear!
The gnoll hits you from afar with a +2 halberd of protection!
* * * LOW HITPOINT WARNING * * *
The gnoll hits you from afar with a +0 spear!
* * * LOW HITPOINT WARNING * * *
There is a stone staircase leading down here.
The gnoll barely misses you.
The gnoll hits you from afar with a +2 halberd of protection!
You die...

###### #....# #.##.#
#######.##.####
#.......##....### ##########
...####.........####........#
...####.........#...........#
................@>..........#
...............)............#
.................gg......#####
.........................#...#
...........##'#.........(#.#.#
.......#...#.............#.#.#
.......#.......<.........#.#.#
.#.......#...............#.#.#
..... ... .............###.#.#


You could see 2 gnolls.

Vanquished Creatures
  5 gnolls
  A worm (D:3)
  3 dart slugs
  6 ball pythons
  A bat (D:1)
  2 endoplasms
  3 giant cockroaches
  4 goblins
  6 hobgoblins
  7 jackals
  6 kobolds
  2 quokkas (D:1)
  2 frilled lizards (D:1)
  6 rats
54 creatures vanquished.

Notes
Turn   | Place    | Note
-------+----------+-------------------------------------------
     0 | D:1      | wakim the Octopode Transmuter began the quest for the Orb.
     0 | D:1      | Reached XP level 1. HP: 13/13 MP: 3/3
   189 | D:1      | Reached XP level 2. HP: 10/18 MP: 3/5
   344 | D:1      | Reached skill level 1 in Stealth
   943 | D:1      | Reached XP level 3. HP: 15/23 MP: 4/6
  1062 | D:1      | Learned a level 3 spell: Spider Form
  2526 | D:2      | Reached skill level 1 in Poison Magic
  2526 | D:2      | Reached XP level 4. HP: 19/28 MP: 4/7
  3979 | D:3      | Found a runed translucent door.
  3980 | D:3      | Noticed Crazy Yiuf
  4033 | D:3      | Reached XP level 5. HP: 33/33 MP: 1/8
  4163 | D:3      | Slain by a gnoll

Illustrated notes

Levels and vault maps discovered:
D:1:      lemuel_arrival_cross, layout_loops_cross
D:2:      layout_basic, corexii_hall_statues_i
D:3:      layout_basic, uniq_crazy_yiuf_cottage, uniq_robin

Skill      XL: |  1  2  3  4 |
---------------+-------------+-----
Stealth        | 1 2 |  2.4
Poison Magic   | 1 |  1.9
Transmutations | 3 |  3.2
Fighting       | |  1.0
Dodging        | |  2.7
Unarmed Combat | |  3.4
Spellcasting   | |  2.0

Action                   |  1- 3 |  4- 6 || total
-------------------------+-------+-------++-------
Melee: Unarmed           |    91 |    44 ||   135
       Constrict         |    18 |     1 ||    19
       Kick              |    14 |       ||    14
       Tentacles         |     8 |     1 ||     9
       Punch             |     1 |       ||     1
 Cast: Beastly Appendage |    25 |     1 ||    26
       Spider Form       |     2 |     9 ||    11
 Stab: Sleeping          |     7 |       ||     7
Armor: Skin              |     4 |     1 ||     5
Dodge: Dodged            |    51 |    52 ||   103
